 Dungeon Crawl Stone Soup version 0.31-a0-1589-g8f5e8aebd6 (webtiles) character file.

Game seed: 6369095132533938887

6790 wildpjah the Slasher (level 10, -1/72 HPs)
             Began as a Demonspawn Gladiator on Jan 6, 2024.
             Was a High Priest of Hepliaklqana.
             Slain by Urug
             ... wielding a +2 demon trident of flaming
              (5 damage)
             ... on level 11 of the Dungeon.
             The game lasted 00:26:33 (9668 turns).

wildpjah the Slasher (Demonspawn Gladiator)         Turns: 9668, Time: 00:26:33

Health: -1/72      AC: 23    Str: 15    XL:     10   Next: 76%
Magic:  15/15      EV:  2    Int: 15    God:    Hepliaklqana [*****.]
Gold:   617        SH:  0    Dex: 15    Spells: 9/9 levels left

rFire   . . .        y - +11 dagger of the Beloved God {elec, rPois rC+++ Dex-3 Stlth+}
rCold   + + +        (no shield)
rNeg    . . .        j - +1 crystal plate armour
rPois   +            (helmet restricted)
rElec   .            s - +0 cloak
rCorr   .            (no gloves)
SInv    .            (no boots)
Will    .....        (no amulet) Stlth
                     B - +6 ring of intelligence
HPRegen 0.32/turn    K - ring of protection from cold
MPRegen 0.14/turn

%: no passive effects
@: marked
A: reduced essence, antennae 2, rugged brown scales 2, demonic guardian 1,
powered by pain 1
a: Renounce Religion, Recall Ancestor, Ancestor Identity, Transference, Idealise


You were on level 11 of the Dungeon.
You worshipped Hepliaklqana.
Hepliaklqana was extremely pleased with you.
You visited 2 branches of the dungeon, and saw 12 of its levels.
You also visited: Sewer.

You collected 617 gold pieces.

Inventory:

Hand Weapons
 a - a +0 long sword
 l - a +3 short sword
 y - the +11 dagger of the Beloved God (weapon) {elec, rPois rC+++ Dex-3 Stlth+}
   (You found it on level 5 of the Dungeon)

   Dex-3:     It affects your dexterity (-3).
   rC+++:     It renders you almost immune to cold.
   rPois:     It protects you from poison Stlth+: It makes you more stealthy.
Missiles
 e - a javelin
 h - 107 stones
 t - 12 boomerangs
 D - 11 poisoned darts
 I - 5 silver javelins
Armour
 b - a +0 leather armour
 c - a +0 helmet
 j - a +1 crystal plate armour (worn)
 s - a +0 cloak (worn)
Jewellery
 B - a +6 ring of intelligence (left hand)
 K - a ring of protection from cold (right hand)
 M - a +6 ring of dexterity
Talismans
 k - a beast talisman
Wands
 w - a wand of flame (41)
 z - a wand of iceblast (2)
 J - a wand of quicksilver (3)
 N - a wand of paralysis (8) (quivered)
Scrolls
 f - 5 scrolls of amnesia
 i - 4 scrolls of fog
 m - 5 scrolls of blinking
 p - 2 scrolls of poison
 r - a scroll of torment
 v - 3 scrolls of enchant armour
 A - 4 scrolls of teleportation
 E - 8 scrolls of identify
 F - a scroll of acquirement {unknown}
 H - a scroll of enchant weapon {unknown}
 L - 2 scrolls of revelation
Potions
 d - 2 potions of invisibility
 g - a potion of brilliance
 n - 2 potions of enlightenment {unknown}
 o - 3 potions of mutation
 q - 3 potions of curing
 u - 3 potions of cancellation
 x - a potion of might
 C - 4 potions of attraction {unknown}
 G - a potion of magic {unknown}


   Skills:
 + Level 6.2 Fighting
 + Level 5.9(7.7) Short Blades
 + Level 7.7(8.6) Long Blades
 + Level 2.7 Throwing
 + Level 7.3 Armour
 * Level 4.7 Dodging
 + Level 2.5 Stealth
 * Level 7.5 Invocations
 + Level 1.0 Evocations


You had 9 spell levels left.
You didn't know any spells.
Your spell library contained the following spells:

 Spells                   Type           Power      Damage    Failure   Level
 Apportation              Tloc           0%         N/A       100%        1
 Magic Dart               Conj           0%         1d3       100%        1
 Summon Small Mammal      Summ           0%         N/A       100%        1
 Blink                    Tloc           0%         N/A       100%        2
 Call Imp                 Summ           0%         N/A       100%        2
 Jinxbite                 Hex            0%         N/A       100%        2
 Call Canine Familiar     Summ           0%         N/A       100%        3
 Stone Arrow              Conj/Erth      0%         3d7       100%        3
 Tukima's Dance           Hex            0%         N/A       100%        3
 Animate Armour           Summ/Erth      0%         N/A       100%        4
 Passage of Golubria      Tloc           0%         N/A       100%        4
 Summon Blazeheart Golem  Fire/Summ      0%         N/A       100%        4
 Alistair's Intoxication  Alch           0%         N/A       100%        5
 Summon Forest            Summ/Tloc      0%         N/A       100%        5
 Summon Mana Viper        Hex/Summ       0%         N/A       100%        5
 Yara's Violent Unravell  Hex/Alch       0%         3d3       100%        5
 Summon Cactus Giant      Summ           0%         N/A       100%        6
 Enfeeble                 Hex            0%         N/A       100%        7
 Lehudib's Crystal Spear  Conj/Erth      0%         10d2      100%        8


Dungeon Overview and Level Annotations

Branches:
Dungeon (11/15)            Temple (1/1) D:4           Sewer (visited)
   Lair: D:8-11         Orc: D:9-12

Altars:
Ashenzari
Cheibriados
Dithmenos
Fedhas
Gozag
Hepliaklqana
Kikubaaqudgha
Makhleb
Nemelex Xobeh
Okawaru
Qazlal
Ru
Sif Muna
Trog
Uskayaw
Vehumet
Wu Jian
Xom
Yredelemnul

Shops:
D:2 :   D:6 *

Annotations:
D:11 Erolcha, Urug


Innate Abilities, Weirdness & Mutations

Your life essence is reduced to manifest your ancestor. (-10% HP)
You have a pair of antennae on your head.
You are mostly covered in rugged brown scales. (AC +2, +5% HP)
A weak demonic guardian rushes to your aid.
You sometimes gain a little power by taking damage.


Message History

Urug hits you with a +2 demon trident of flaming!
Urug burns you.
The vampire mosquito bites you but does no damage.
You hit Urug.
Urug is moderately wounded.
The vampire mosquito bites you but does no damage.
You hit Urug.
Urug is moderately wounded.
Urug completely misses you.
A troll comes into view.
The vampire mosquito bites you.
The vampire mosquito draws strength from your injuries!
You puncture Urug! Lightning courses through Urug!
Urug is severely wounded.
Ingwe gestures at Urug while chanting.
The stone arrow hits Urug!!
Urug barely misses Ingwe.
You barely miss Urug.
Urug is almost dead.
You barely miss Urug.
Urug is almost dead.
The vampire mosquito bites you but does no damage.
Urug hits you with a +2 demon trident of flaming!
* * * LOW HITPOINT WARNING * * *
A demonic guardian appears!
Urug burns you.
* * * LOW HITPOINT WARNING * * *
You feel better.
The vampire mosquito bites you but does no damage. x2
Urug completely misses you.
Your shadow imp hits the troll.
You closely miss Urug.
Urug is almost dead.
The vampire mosquito bites you!
* * * LOW HITPOINT WARNING * * *
The vampire mosquito draws strength from your injuries!
Unknown command.
You hit Urug but do no damage.
Urug is almost dead.
The vampire mosquito bites you but does no damage.
Urug hits you with a +2 demon trident of flaming.
You die...
Urug screams, "Revenge at last!"

#..........##
####'####### #..#
##.## #..# #
######.##### #.#
#..........# ###....
#.........5##yyy....
...........TR@o#
##.........†####
#.......†..#
#..........#
#..........#
######.##### ... .##
#.


You could see the friendly Ingwe the battlemage, Urug (ally target), a troll
(ally target), 3 vampire mosquitoes and a friendly shadow imp (summoned).

Vanquished Creatures
  Pikel (D:9)
  Sigmund (D:4)
  A shadow (D:9)
  A wyvern (D:8)
  A steam dragon (D:7)
  An acid dragon (D:10)
  2 vampire mosquitoes (D:8)
  A water moccasin (D:5)
  2 black bears
  An orc warrior (D:6)
  An ice beast (D:4)
  A crocodile (Sewer)
  An ogre (D:6)
  4 centaurs
  A phantom (D:6)
  A kobold brigand (D:9)
  A gnoll sergeant (D:10)
  A bullfrog (D:8)
  3 scorpions
  A wight (D:7)
  18 killer bees
  3 hounds
  Crazy Yiuf (D:2)
  2 bombardier beetles
  8 orc priests
  3 jellies
  3 gnoll boudas
  2 sleepcaps (D:7)
  8 iguanas
  9 orc wizards
  12 gnolls
  2 river rats (D:5)
  10 adders
  4 shadow imps
  A white imp (D:6)
  2 ufetubi (D:5)
  4 dart slugs
  4 ribbon worms
  20 orcs
  8 ball pythons
  4 endoplasms
  7 giant cockroaches
  2 goblins (D:1)
  8 hobgoblins
  10 jackals
  5 quokkas
  10 bats
  A frilled lizard (D:1)
  17 kobolds
  11 rats
226 creatures vanquished.

Vanquished Creatures (collateral kills)
  A troll (D:8)
  A shadow (D:10)
  A vampire mosquito (D:8)
  2 acid dragons
  A centaur (D:10)
  2 scorpions
  8 killer bees
  A hound (D:5)
  2 orc priests
  A gnoll bouda (D:7)
  An iguana (D:7)
  Ijyb (D:3)
  A sleepcap (D:5)
  3 orc wizards
  8 gnolls
  An adder (D:6)
  A white imp (D:7)
  3 ufetubi
  11 orcs
  A goblin (D:3)
  A jackal (Sewer)
  2 kobolds
54 creatures vanquished.

Vanquished Creatures (others)
  A battlemage (D:9)
1 creature vanquished.

Grand Total: 281 creatures vanquished

Notes
Turn   | Place    | Note
-------+----------+-------------------------------------------
     0 | D:1      | wildpjah the Demonspawn Gladiator began the quest for the
                  | Orb.
     0 | D:1      | Reached XP level 1. HP: 16/16 MP: 1/1
   139 | D:1      | Found a faded altar of an unknown god.
   196 | D:1      | Gained mutation: A weak demonic guardian rushes to your
                  | aid. [demonic ancestry]
   196 | D:1      | Reached XP level 2. HP: 22/22 MP: 2/2
   717 | D:2      | Reached XP level 3. HP: 27/27 MP: 3/3
  1014 | D:2      | Reached skill level 1 in Armour
  1080 | D:2      | Reached XP level 4. HP: 33/33 MP: 4/4
  1259 | D:2      | Found a runed translucent door.
  1260 | D:2      | Noticed Crazy Yiuf
  1287 | D:2      | Found a transporter.
  1287 | D:2      | Found Pust's Book Shop.
  1316 | D:2      | Found a transporter.
  1488 | D:2      | Killed Crazy Yiuf
  1543 | D:3      | Noticed Ijyb
  1543 | D:3      | Found a blossoming altar of Fedhas.
  1620 | D:2      | Gained mutation: You are partially covered in rugged brown
                  | scales. (AC +1, +3% HP) [demonic ancestry]
  1620 | D:2      | Reached XP level 5. HP: 20/39 MP: 5/5
  1882 | D:3      | Reached skill level 1 in Stealth
  2030 | D:3      | Gained mutation: You sometimes gain a little power by
                  | taking damage. [demonic ancestry]
  2030 | D:3      | Reached XP level 6. HP: 48/48 MP: 6/6
  2198 | D:3      | Found a hazy altar of Hepliaklqana.
  2210 | D:3      | Became a worshipper of Hepliaklqana the Forgotten
  2724 | D:3      | Killed Ijyb
  2904 | D:4      | Found a snail-covered altar of Cheibriados.
  2996 | D:4      | Noticed Sigmund
  3010 | D:4      | Killed Sigmund
  3011 | D:4      | Reached skill level 5 in Long Blades
  3011 | D:4      | Reached XP level 7. HP: 54/54 MP: 7/7
  3394 | D:4      | Found a broken altar of Ashenzari.
  3555 | D:4      | Found a staircase to the Ecumenical Temple.
  3562 | Temple   | Entered the Ecumenical Temple
  3733 | D:4      | Reached skill level 1 in Invocations
  3741 | D:4      | Reached * piety under Hepliaklqana
  3867 | D:5      | Entered Level 5 of the Dungeon
  4001 | D:5      | Found a glowing drain.
  4005 | Sewer    | Entered a sewer
  4068 | Sewer    | Gained mutation: You have a pair of small antennae on your
                  | head. [demonic ancestry]
  4068 | Sewer    | Reached XP level 8. HP: 49/55 MP: 9/9
  4465 | D:5      | Found an ancient bone altar of Kikubaaqudgha.
  4518 | D:5      | Identified the +11 dagger of the Beloved God {elec, rPois
                  | rC+++ Dex-3 Stlth+}
  4849 | D:6      | Reached ** piety under Hepliaklqana
  4850 | D:6      | Remembered your ancestor Ingwe as a battlemage
  4880 | D:6      | Found Maraf's General Store.
  4974 | D:6      | Reached skill level 5 in Fighting
  4974 | D:6      | Reached skill level 1 in Short Blades
  4982 | D:6      | Gained mutation: You are mostly covered in rugged brown
                  | scales. (AC +2, +5% HP) [demonic ancestry]
  4982 | D:6      | Reached XP level 9. HP: 55/64 MP: 10/12
  4987 | D:6      | Reached skill level 5 in Armour
  5743 | D:7      | Identified the +2 quarterstaff of Cowardice {vamp, rF+
                  | Int+4 Dex-3}
  5921 | D:7      | Reached skill level 5 in Invocations
  6036 | D:7      | Reached *** piety under Hepliaklqana
  7179 | D:8      | Gained mutation: You have a pair of antennae on your head.
                  | [demonic ancestry]
  7179 | D:8      | Reached XP level 10. HP: 72/72 MP: 14/14
  7456 | D:8      | Reached **** piety under Hepliaklqana
  7463 | D:8      | Found an iron altar of Okawaru.
  7786 | D:9      | Reached skill level 5 in Short Blades
  7986 | D:9      | Found a basalt altar of Yredelemnul.
  7988 | D:9      | Noticed Pikel
  7998 | D:9      | Identified the +2 robe "Gamo" {^Drain rCorr Str+8 Stlth-}
  8106 | D:9      | Found a shadowy altar of Dithmenos.
  8197 | D:9      | Found a stormy altar of Qazlal.
  8374 | D:9      | Found a sparkling altar of Nemelex Xobeh.
  8375 | D:9      | Found a burning altar of Makhleb.
  8505 | D:10     | Entered Level 10 of the Dungeon
  9175 | D:10     | Reached ***** piety under Hepliaklqana
  9410 | D:11     | Noticed Erolcha
  9465 | D:9      | Killed Pikel
  9466 | D:9      | Reached skill level 1 in Evocations
  9652 | D:11     | Noticed Urug
  9665 | D:11     | HP: 3/72 [Urug/+2 demon trident of flaming (3)]
  9668 | D:11     | Slain by Urug

Illustrated notes

Levels and vault maps discovered:
D:1:      roderic_crossed_star, layout_loops_ring,
          hellmonk_ecumenical_altar_run_dry
D:2:      layout_basic, serial_glass, glass_columns_a, glass_columns_b,
          serial_shops, nicolae_shop_drivethru, uniq_crazy_yiuf_cottage
D:3:      layout_basic, mainiacjoe_overflow_boulevard,
          mainiacjoe_overflow_cross_hatched, serial_bayou_pond_b,
          minmay_increasing_density, uniq_ijyb
D:4:      layout_rooms, nicolae_ashenzari_panopticon, cheibriados_altar_1,
          minmay_temple_entry_offerings, uniq_sigmund
D:5:      layout_basic, mainiacjoe_overflow_catwalk, gup_sewer_entry_spiral,
          st_stairs_7, minmay_crystal_water, corexii_leaking_fountain,
          minmay_misc_feat_plants, minmay_misc_feat_four_crosses,
          dk_rats_in_the_wall
D:6:      layout_basic, serial_shops, shop, serial_park_tiny_1,
          minmay_fractal_squares_5
D:7:      minmay_general_purpose_star, layout_loops_corners, serial_demonic,
          serial_demonic_b, serial_demonic_f, serial_demonic_g,
          serial_demonic_g, serial_demonic_d, minivault_5, minmay_quadrilaterals
D:8:      layout_basic, mainiacjoe_overflow_small_starburst,
          mainiacjoe_overflow_chevrons, minivault_24
D:9:      layout_long_grid, nicolae_overflow_hidden_temple,
          nicolae_qazlal_scattered_showers,
          mainiacjoe_overflow_concentric_impassable,
          gammafunk_temple_overflow_statue, uniq_pikel
D:10:     layout_basic, mainiacjoe_overflow_alcove_2
D:11:     layout_roguey, david_lair_shrubbed, uniq_urug, uniq_erolcha
Temple:   nicolae_temple_cloud_nine

Skill      XL: |  1  2  3  4  5  6  7  8  9 10 |
---------------+-------------------------------+-----
Dodging        | 3 4 |  4.7
Long Blades    | 3 4 5 6 7 |  7.7
Armour         | 1 2 3 4 6 7 |  7.3
Fighting       | 3 4 5 6 |  6.2
Stealth        | 1 2 |  2.5
Invocations    | 1 4 6 7 |  7.5
Short Blades   | 1 4 5 |  5.9
Throwing       | 2 |  2.7
Evocations     | 1 |  1.0

Action                     |  1- 3 |  4- 6 |  7- 9 | 10-12 || total
---------------------------+-------+-------+-------+-------++-------
  Melee: Long sword        |    94 |   237 |   178 |       ||   509
         Punch             |       |     3 |     5 |     1 ||     9
         Dagger            |       |       |   175 |   113 ||   288
  Throw: Throwing net      |       |     4 |       |       ||     4
         Javelin           |       |       |     1 |       ||     1
         Stone             |       |       |     1 |       ||     1
         Boomerang         |       |       |     8 |     4 ||    12
 Invoke: Ancestor Life: Ba |       |       |     1 |       ||     1
  Evoke: Wand              |       |       |       |    10 ||    10
    Use: Potion            |       |     2 |     1 |     2 ||     5
         Scroll            |       |       |    18 |       ||    18
   Stab: Held in net/web   |       |     3 |       |       ||     3
         Distracted        |       |     1 |     3 |     2 ||     6
 Armour: Leather armour    |    12 |       |       |       ||    12
         Crystal plate arm |    87 |   305 |   407 |   174 ||   973
  Dodge: Dodged            |    11 |     6 |    34 |    12 ||    63

Table legend: (Time is in decaauts)
 A = Elapsed time spent in this place.
 B = Non-inter-level travel time spent in this place.
 C = Inter-level travel time spent in this place.
 D = Time resting spent in this place.
 E = Time spent auto-exploring this place.
 F = Levels seen in this place.
 G = Mean time per level.
                   A        B        C        D        E       F      G
               +--------+--------+--------+--------+--------+-----+--------+
         Total |   9729 |   9302 |    427 |    299 |   7079 |  13 |  748.4 |
       Dungeon |   9561 |   9142 |    419 |    299 |   6979 |  11 |  869.2 |
        Temple |     26 |     18 |      8 |      0 |      0 |   1 |   26.0 |
         Sewer |    141 |    141 |      0 |      0 |    100 |   1 |  141.0 |
               +--------+--------+--------+--------+--------+-----+--------+

Top non-repeatable levels by time:
     D:7: 1353 daAuts
     D:2: 1161 daAuts
     D:3: 1103 daAuts
     D:4: 983 daAuts
    D:10: 956 daAuts
     D:9: 921 daAuts
     D:5: 886 daAuts
     D:6: 781 daAuts
     D:8: 699 daAuts
     D:1: 678 daAuts
   Sewer: 141 daAuts
    D:11: 37 daAuts
  Temple: 26 daAuts
